 Dungeon Crawl Stone Soup version 0.27.0-1-g7a089689b8 (console) character file.

Game seed: 13101187953682150027

7 FIQ the Chiller (level 1, 0/14 HPs)
             Began as a Demonspawn Ice Elementalist on Aug 9, 2021.
             Slain by a jackal (3 damage)
             ... on level 1 of the Dungeon.
             The game lasted 00:00:37 (220 turns).

FIQ the Chiller (Demonspawn Ice Elementalist)        Turns: 220, Time: 00:00:38

Health: 0/14       AC:  2    Str:  8    XL:     1   Next: 83%
Magic:  0/3        EV: 12    Int: 16    God:
Gold:   17         SH:  0    Dex: 13    Spells: 3/4 levels left

rFire    . . .     SeeInvis .   (no weapon)
rCold    . . .     Faith    .   (no shield)
rNeg     . . .     Spirit   .   a - +0 robe
rPois    .         Reflect  .   (no helmet)
rElec    .         Harm     .   (no cloak)
rCorr    .         Rampage  .   (no gloves)
Will     .....                  (no boots)
Stlth    ++........             (no amulet)
HPRegen  0.04/turn              (no ring)
MPRegen  0.08/turn              (no ring)

@: no status effects
A: no striking features
a: no special abilities


You were on level 1 of the Dungeon.
You visited 1 branch of the dungeon, and saw 1 of its levels.

You collected 17 gold pieces.

Inventory:

Armour
 a - a +0 robe (worn)
Scrolls
 b - a scroll of identify {unknown}


   Skills:
 + Level 0.4 Fighting
 - Level 1.7 Dodging
 - Level 1.7 Stealth
 * Level 2.2 Spellcasting
 + Level 3.7 Ice Magic


You had 3 spell levels left.
You knew the following spells:

 Your Spells              Type           Power      Damage    Failure   Level
a - Freeze                Ice            52%        1d7       4%          1

Your spell library contained the following spells:

 Spells                   Type           Power      Damage    Failure   Level
 Frozen Ramparts          Ice            26%        1d4       13%         3
 Ozocubu's Armour         Ice            13%        N/A       13%         3
 Hailstorm                Conj/Ice       7%         3d4       67%         4


Dungeon Overview and Level Annotations

Branches:
Dungeon (1/15)

Altars:


Message History

A jackal comes into view.
You freeze the jackal.
The jackal is lightly wounded.
The jackal barks!
The jackal closely misses you. x2; The jackal barely misses you. x2
You freeze the jackal.
The jackal is almost dead.
The jackal bites you.
The jackal bites you but does no damage.
You freeze the jackal.
You kill the jackal!
The jackal closely misses you.
You are too depleted to draw on your mana recklessly!
You are too depleted to draw on your mana recklessly!
The jackal bites you.
Found 15 gold pieces.
You see here a hobgoblin corpse.
You completely miss the jackal. The jackal closely misses you.
The jackal bites you.
You miss the jackal. The jackal completely misses you.
You hit the jackal but do no damage. The jackal bites you. x2
You closely miss the jackal. The jackal barely misses you.
You hit the jackal but do no damage. The jackal barely misses you.
You hit the jackal but do no damage. The jackal bites you. x2
* * * LOW HITPOINT WARNING * * *
You hit the jackal but do no damage. The jackal barely misses you.
You hit the jackal but do no damage.
The jackal bites you but does no damage.
The jackal bites you.
* * * LOW HITPOINT WARNING * * *
You are too injured to fight recklessly!
Casting: Freeze (safe; 4% risk of failure)
Confirm with . or Enter, or press ? or * to list all spells.
Aiming: Freeze (safe; 4% risk of failure)
Press: ? - help, Shift-Dir - straight line, f - jackal
Aim: a jackal You freeze the jackal.
The jackal is moderately wounded.
The jackal bites you but does no damage.
The jackal bites you.
You die...

.# .#.#>#.#......#..##
..#..........###.##..##
#............ #.###..##
.......... ..# ##.#. .........
#.# #...† . #.....(.. .......##.
#..#####........ .##.##.#..
#.......)####### #.#...#....
#####.###....†hh@.# #.. (...#..
#.....##..#.#####...$##. ....#...
.........##....#####....##.#...#.
........######..#####.(.....#...#
##.....#######........##.##...#..
#..............#.#######.#...#...
....."#########................#.
..###. #..........#...#.## # ##
...........)...##.##...


You could see 2 jackals.

Vanquished Creatures
  A ball python (D:1)
  A goblin (D:1)
  A hobgoblin (D:1)
  A jackal (D:1)
  A bat (D:1)
  A frilled lizard (D:1)
6 creatures vanquished.

Notes
Turn   | Place    | Note
-------+----------+-------------------------------------------
     0 | D:1      | FIQ the Demonspawn Ice Elementalist began the quest for the
                  | Orb.
     0 | D:1      | Reached XP level 1. HP: 13/13 MP: 3/3
   220 | D:1      | Slain by a jackal

Illustrated notes

Levels and vault maps discovered:
D:1:      onia_arrival_handbag, layout_rooms, amethyst_killhole,
          hangedman_decor_clover_reticule

Action                   || total
-------------------------++-------
Melee: Unarmed           ||     9
 Cast: Freeze            ||     9
Armor: Robe              ||     4
Dodge: Dodged            ||    12
